 Dungeon Crawl Stone Soup version 0.22-a0-587-g7d32d7c7ae (webtiles) character file.

16 RedPan the Digger (level 2, 0/20 HPs)
             Began as a Demigod Earth Elementalist on July 4, 2018.
             Slain by a kobold
             ... wielding a +0 dagger
              (6 damage)
             ... on level 2 of the Dungeon.
             The game lasted 00:03:08 (554 turns).

RedPan the Digger (Demigod Earth Elementalist)       Turns: 554, Time: 00:03:08

Health: 0/20       AC:  2    Str: 11    XL:     2   Next: 24%
Magic:  1/7        EV: 18    Int: 19    God:
Gold:   41         SH:  0    Dex: 21    Spells: 4/5 levels left

rFire    . . .     SeeInvis .   f - +0 dagger
rCold    . . .     Gourm    .   (no shield)
rNeg     . . .     Faith    .   c - +0 robe
rPois    .         Spirit   .   (no helmet)
rElec    .         Reflect  .   (no cloak)
rCorr    .         Harm     .   (no gloves)
MR       .....                  (no boots)
Stlth    +++.......             (no amulet)
HPRegen  0.06/turn              (no ring)
MPRegen  0.10/turn              (no ring)

@: agile, very slightly contaminated
A: high mp 1
a: no special abilities


You were on level 2 of the Dungeon.
You were not hungry.

You visited 1 branch of the dungeon, and saw 2 of its levels.

You collected 41 gold pieces.

Inventory:

Hand Weapons
 f - a +0 dagger (weapon)
Missiles
 b - 32 stones (quivered)
Armour
 c - a +0 robe (worn)
Comestibles
 d - a ration


   Skills:
 - Level 1.7 Dodging
 - Level 1.7 Stealth
 + Level 2.0 Spellcasting
   Level 0.8 Transmutations
 * Level 3.2 Earth Magic


You had 4 spell levels left.
You knew the following spells:

 Your Spells              Type           Power        Failure   Level  Hunger
a - Sandblast             Erth           ##....       4%          1    #......

Your spell library contained the following spells:

 Spells                   Type           Power        Failure   Level  Hunger
 Stone Arrow              Conj/Erth      #.....       26%         3    ###....
 Passwall                 Tmut/Erth      #.......     11%         2    ###....
 Lee's Rapid Deconstruct  Erth           ##........   77%         5    ######.
 Petrify                  Tmut/Erth      #.......     58%         4    #####..


Dungeon Overview and Level Annotations

Branches:
Dungeon (1/15)


Innate Abilities, Weirdness & Mutations

You have an increased reservoir of magic. (+10% MP)


Message History

You aren't carrying any items that you can evoke.
You aren't carrying any potions.
Unknown command.
Casting: Sandblast (safe; 4% risk of failure)
Confirm with . or Enter, or press ? or * to list all spells.
Aiming: Sandblast (safe; 4% risk of failure)
Press: ? - help, Shift-Dir - straight line, f/p - hobgoblin
Aim: a hobgoblin The blast of sand hits the hobgoblin.
You kill the hobgoblin!
b - 32 stones The bat hits you.
* * * LOW HITPOINT WARNING * * *
The giant cockroach misses you. The bat completely misses you.
The kobold misses you.
You barely miss the giant cockroach.
The giant cockroach is heavily wounded.
The bat barely misses you. The giant cockroach closely misses you.
The bat misses you. The kobold hits you with a dagger.
You die...

#........
#........
#........
#........
#.....%..
#Sg......
#Kb.....!
#@sg.....
#########


You could see an adder, a giant cockroach, a hobgoblin, a goblin, a bat and a
kobold.

Vanquished Creatures
  A dart slug (D:1)
  3 goblins (D:1)
  4 hobgoblins
  3 bats (D:1)
  A frilled lizard (D:1)
  A kobold (D:1)
13 creatures vanquished.

Notes
Turn   | Place    | Note
-------+----------+-------------------------------------------
     0 | D:1      | RedPan the Demigod Earth Elementalist began the quest for the Orb.
     0 | D:1      | Reached XP level 1. HP: 14/14 MP: 5/5
   291 | D:1      | Reached skill level 3 in Earth Magic
   474 | D:1      | Reached XP level 2. HP: 20/20 MP: 7/7
   531 | D:1      | You fall through a shaft!
   554 | D:2      | Slain by a kobold

Vault maps used:
D:1:      minmay_arrival_three_doors, serial_co_window_serial,
          co_window_paths_a, co_window_paths_a, co_window_paths_a,
          co_window_corner_a, co_window_of_opportunity_a, co_window_corner_b,
          co_window_of_opportunity_c, co_window_paths_c, co_window_corner_cb,
          co_window_paths_c, co_window_cross_3, co_window_broadway_a,
          glass_columns_c, glass_columns_a, moated_statue, minmay_distorted
D:2:      first_ration, uniq_jessica, uniq_terence, uniq_robin

Skill      XL: |  1 |
---------------+----+-----
Spellcasting   | 2 |  2.0
Earth Magic    | 3 |  3.2
Dodging        | |  1.7
Stealth        | |  1.7
Transmutations | |  0.8

Action                   || total
-------------------------++-------
Melee: Dagger            ||    25
       Unarmed           ||     2
 Cast: Sandblast         ||    14
  Use: Scroll            ||     1
       Potion            ||     1
 Stab: Sleeping          ||     2
Armor: Robe              ||     6
Dodge: Dodged            ||    61

Table legend:
 A = Spawn XP
 B = Non-spawn XP
 C = Spawn XP percentage of total XP
 D = Spawn monster count
 E = Non-spawn monster count
 F = Spawn count percentage of total count
 G = Total turns spent on level
                    A         B        C        D         E        F      G
               +---------+---------+-------+---------+---------+-------+---------
         Total |       0 |      23 |   0.0 |       0 |      13 |   0.0 |   554
               +---------+---------+-------+---------+---------+-------+---------
           D:1 |       0 |      17 |   0.0 |       0 |      10 |   0.0 |   531
           D:2 |       0 |       6 |   0.0 |       0 |       3 |   0.0 |    23
               +---------+---------+-------+---------+---------+-------+---------
